Map: Ultralove

Players

iPlayDefense

  • Race: Terran Terran
  • League: Silver
  • Spawn Location: 7:00

LANMIK - Winner!

  • Race: Terran Terran
  • League: Silver
  • Spawn Location: 1:00

VOD

Have the link to the VOD?

Description

Time

  • Played on: April 17, 2025, 11:58 a.m.
  • Length: 11:07
Show
View Real Time Build Order
Export as new Build Order

iPlayDefense Terran 

Build Orders:  

Get SALT Encoding   

  12  0:00  SCV  
  13  0:15  Supply Depot  
  13  0:20  SCV  
  14  0:27  Refinery  
  14  0:32  SCV  
  15  0:44  SCV  
  16  0:51  Barracks  
  16  0:56  SCV  
  17  1:08  SCV  
  18  1:20  SCV  
  19  1:40  Orbital Command  
  19  1:48  Barracks Reactor  
  19  1:49  Command Center  
  19  2:04  Supply Depot  
  19  2:09  Supply Depot  
  19  2:16  SCV  
  20  2:24  Marine x2  
  22  2:42  Marine x2  
  23  2:59  Marine  
  23  3:00  Marine  
  25  3:07  Barracks  
  25  3:09  Barracks  
  25  3:10  Refinery  
  25  3:17  Marine x2  
  27  3:29  Factory  
  27  3:50  Marine x2  
  29  3:56  Barracks Tech Lab, Command Center  
  29  3:57  Barracks Tech Lab  
  29  4:08  Marine x2  
  31  4:13  Factory Tech Lab  
  31  4:21  SCV  
  31  4:33  SCV, Siege Tank  
  31  4:36  Marine x2  
  31  4:37  Marine x2  
  39  4:53  Supply Depot  
  39  4:55  Supply Depot  
  39  5:00  Combat Shield  
  39  5:03  Stimpack  
  39  5:07  Siege Tank, Marine x2, SCV  
  45  5:15  Orbital Command  
  45  5:19  SCV  
  46  5:24  Bunker  
  46  5:32  SCV  
  47  5:36  Marine  
  47  5:37  Marine x3  
  51  5:54  Marine  
  52  6:06  SCV x2  
  52  6:08  Marine x3  
  52  6:10  Siege Tank  
  60  6:12  Marine  
  61  6:18  SCV x2  
  61  6:23  Supply Depot, Starport  
  63  6:25  Marine  
  63  6:26  Marine  
  65  6:39  SCV x2  
  65  6:51  SCV x2  
  58  7:04  Siege Tank  
  61  7:24  SCV x2  
  61  7:25  Marine x4  
  67  7:36  SCV x2, Siege Tank  
  72  7:38  Supply Depot  
  72  7:40  Supply Depot  
  72  7:43  Marine x2  
  62  8:08  Siege Tank  
  64  8:14  SCV x2  
  64  8:15  Marine x4  
  70  8:20  Medivac  
  70  8:26  SCV x2  
  74  8:33  Marine x2  
  76  8:35  Engineering Bay  
  76  8:46  Refinery  
  76  8:47  SCV x2  
  76  8:48  Marine x2  
  80  8:49  Refinery  
  80  8:50  Medivac  
  80  8:51  Marine x2  
  84  8:59  SCV x2  
  86  9:04  Supply Depot  
  86  9:05  Supply Depot  
  86  9:06  Marine  
  86  9:09  Marine x2  
  85  9:10  Marine  
  85  9:11  SCV x2  
  80  9:23  SCV x2  
  38  10:00  Marine  
  38  10:01  Marine x3  
  37  10:14  SCV x2  
  37  10:18  Marine  
  37  10:19  Marine x3  
  42  10:26  SCV x2  
  44  10:36  Marine  
  44  10:37  Marine x3  
  44  10:38  SCV  
  49  10:50  SCV  
Show
View Real Time Build Order
Export as new Build Order

LANMIK Terran - Winner!

Build Orders:  

Get SALT Encoding   

  12  0:00  SCV  
  13  0:23  SCV  
  13  0:28  Supply Depot  
  14  0:35  SCV  
  15  0:46  Supply Depot  
  15  0:49  Engineering Bay  
  15  0:51  Refinery  
  15  1:07  Barracks  
  15  1:11  SCV  
  16  1:27  SCV  
  17  1:39  SCV  
  18  1:51  SCV  
  18  1:54  Marine  
  20  2:12  Marine  
  21  2:19  Refinery, Factory  
  21  2:20  Orbital Command  
  21  2:29  Marine  
  22  2:55  Marine  
  23  3:02  Factory Tech Lab  
  23  3:04  SCV  
  24  3:11  Starport  
  24  3:12  Marine  
  24  3:17  SCV  
  26  3:24  Siege Tank  
  29  3:30  Marine  
  26  3:48  Marine  
  26  3:54  Supply Depot  
  27  3:58  Terran Infantry Armor Level 1  
  27  4:06  Marine  
  28  4:13  SCV  
  29  4:17  Supply Depot  
  29  4:24  Marine  
  29  4:29  Command Center  
  26  4:40  SCV  
  26  4:41  Marine  
  26  4:44  Medivac  
  30  4:58  Refinery  
  30  4:59  Marine  
  31  5:11  SCV  
  31  5:12  Fusion Core  
  32  5:15  Armory  
  32  5:17  Marine  
  33  5:23  SCV  
  33  5:24  Starport  
  34  5:39  Marine  
  35  5:57  Marine  
  36  6:06  Command Center  
  36  6:10  Starport Tech Lab  
  36  6:11  Starport Tech Lab  
  36  6:14  Marine  
  36  6:16  SCV, Refinery  
  38  6:19  SCV  
  38  6:23  Terran Vehicle And Ship Armor Level 1  
  38  6:24  Supply Depot  
  39  6:28  SCV  
  39  6:31  SCV  
  39  6:32  Marine  
  42  6:43  SCV  
  43  6:50  Marine  
  44  6:55  SCV  
  37  7:08  Marine  
  37  7:09  SCV  
  37  7:10  Refinery  
  37  7:14  Battlecruiser x2  
  51  7:21  SCV  
  52  7:26  Marine  
  52  7:28  Starport  
  53  7:32  Supply Depot  
  53  7:39  Orbital Command  
  53  7:40  Refinery  
  53  7:44  Marine  
  47  8:12  SCV  
  46  8:18  Supply Depot  
  46  8:19  Terran Ship Weapons Level 1  
  46  8:24  SCV  
  47  8:27  Starport Tech Lab  
  47  8:29  Starport  
  47  8:36  SCV  
  47  8:39  Terran Infantry Weapons Level 1  
  48  8:43  Battlecruiser  
  55  8:49  Orbital Command  
  55  8:52  SCV  
  55  9:04  SCV  
  56  9:16  SCV  
  57  9:42  Battlecruiser  
  57  9:43  Starport Tech Lab  
  57  9:44  Battlecruiser  
  63  9:48  SCV  
  63  9:49  Starport  
  63  9:51  SCV  
  65  10:03  SCV  
  66  10:21  Supply Depot, SCV  
  67  10:28  Starport Tech Lab  
  67  10:33  SCV  
  68  10:42  Starport  
  68  10:43  SCV  
  69  10:55  SCV  
Tags
 
Matchup
TvT
Race
Terran
Replay Pack
DaveSC2
Spawn Locations
Cross Positions
Add a new tag
Caveats
  • Supply blocks, unpowered buildings, or Contaminate may cause inaccurate times.
  • Supply counts are checked every 10 seconds.